 Dungeon Crawl Stone Soup version 0.28.0 (webtiles) character file.

Game seed: 2154389801910286131

124 pzskc383 the Chopper (level 5, 0/32 HPs)
             Began as a Gargoyle Fighter on Feb 11, 2022.
             Slain by an orc (1 damage)
             ... on level 3 of the Dungeon.
             The game lasted 00:02:20 (2177 turns).

pzskc383 the Chopper (Gargoyle Fighter)             Turns: 2177, Time: 00:02:21

Health: 0/32       AC: 10    Str: 20    XL:     5   Next: 8%
Magic:  5/5        EV:  9    Int:  8    God:
Gold:   72         SH:  4    Dex: 11    Spells: 4/4 levels left

rFire   . . .      SeeInvis .   a - +0 war axe
rCold   . . .      Faith    .   c - +0 buckler
rNeg    + . .      Spirit   .   b - +0 scale mail
rPois   ∞          Reflect  .   (no helmet)
rElec   +          Harm     .   (no cloak)
rCorr   .          Rampage  .   (no gloves)
Will    .....                   (no boots)
Stlth   ..........              (no amulet)
HPRegen 0.10/turn               (no ring)
MPRegen 0.09/turn               (no ring)

@: brilliant
A: sickness immunity, AC +4, negative energy resistance 1, electricity
resistance, torment resistance 1, petrification resistance
a: no special abilities


You were on level 3 of the Dungeon.
You visited 1 branch of the dungeon, and saw 3 of its levels.

You collected 72 gold pieces.

Inventory:

Hand Weapons
 a - a +0 war axe (weapon)
Missiles
 g - 4 poisoned darts (quivered)
Armour
 b - a +0 scale mail (worn)
 c - a +0 buckler (worn)
Scrolls
 f - 2 scrolls of amnesia
 h - 2 scrolls of identify {unknown}
 j - a scroll of blinking {unknown}
 k - a scroll of noise {unknown}
Potions
 d - 2 potions of might
 i - a potion of magic {unknown}
 l - a potion of lignification {unknown}


   Skills:
 - Level 3.2 Fighting
 + Level 4.6 Axes
 - Level 3.2 Armour
 - Level 3.2 Shields


You had 4 spell levels left.
You didn't know any spells.
Your spell library was empty.

Dungeon Overview and Level Annotations

Branches:
Dungeon (3/15)

Altars:


Innate Abilities, Weirdness & Mutations

You are immune to sickness and miasma.
Your stone body is resilient. (AC +4)
You are immune to poison.
You resist negative energy. (rN+)
You are resistant to electric shocks. (rElec)
You are resistant to unholy torment.
You are immune to petrification.


Message History

You hit the orc priest.
The orc priest is lightly wounded.
The orc priest hits you with a +0 whip. You block the orc priest's attack.
You hit the orc priest.
The orc priest is moderately wounded.
The orc priest hits you with a +0 whip.
You slash the orc priest!
The orc priest is almost dead.
The orc priest invokes the aid of Beogh against you.
Pain shoots through your body!
* * * LOW HITPOINT WARNING * * *
You closely miss the orc priest.
The orc priest is almost dead.
You block the orc priest's attack.
The orc priest calls down the wrath of Beogh upon you.
Pain shoots through your body!
* * * LOW HITPOINT WARNING * * *
You barely miss the orc priest.
The orc priest is almost dead.
You block the orc priest's attack.
You hit the orc priest but do no damage.
The orc priest is almost dead.
The orc priest calls down the wrath of Beogh upon you.
Pain shoots through your body!
* * * LOW HITPOINT WARNING * * *
Unknown command.
It was a potion of brilliance.
You feel clever all of a sudden. You block the orc priest's attack.
You slash the orc priest!
You kill the orc priest!
The orc hits you but does no damage.
You have reached level 5!
You closely miss the orc. The orc hits you but does no damage.
You barely miss the orc. The orc closely misses you.
You hit the orc but do no damage. The orc hits you but does no damage.
You closely miss the orc. The orc hits you with a +0 hand axe.
* * * LOW HITPOINT WARNING * * *
The orc hits you with a +0 hand axe.
You die...

......#..#....# ..
###...####....# ...
#.. ...#....#
...###..###.#...###.#
....................#
.......#.##.#.#..##.#
.......#....#+#..#
.......##........#
...(..wo@.........#
#########......##.#
#####+## ..


You could see a worm and an orc.

Vanquished Creatures
  An orc priest (D:3)
  2 adders (D:2)
  2 worms
  3 dart slugs
  4 orcs
  3 ball pythons (D:1)
  2 endoplasms
  A giant cockroach (D:1)
  6 goblins
  7 hobgoblins
  3 jackals (D:1)
  10 kobolds
  2 quokkas (D:1)
  7 bats
  3 frilled lizards
  A rat (D:1)
57 creatures vanquished.

Vanquished Creatures (others)
  2 withered plants (D:1)
2 creatures vanquished.

Grand Total: 59 creatures vanquished

Notes
Turn   | Place    | Note
-------+----------+-------------------------------------------
     0 | D:1      | pzskc383 the Gargoyle Fighter began the quest for the Orb.
     0 | D:1      | Reached XP level 1. HP: 14/14 MP: 1/1
    32 | D:1      | Reached skill level 2 in Axes
   233 | D:1      | Found a faded altar of an unknown god.
   340 | D:1      | Reached XP level 2. HP: 17/19 MP: 2/2
   750 | D:1      | Reached skill level 3 in Axes
   751 | D:1      | Reached XP level 3. HP: 23/23 MP: 3/3
  1537 | D:2      | Reached XP level 4. HP: 28/28 MP: 4/4
  1687 | D:2      | Reached skill level 4 in Axes
  2174 | D:3      | Reached XP level 5. HP: 2/32 MP: 5/5
  2177 | D:3      | HP: 1/32 [orc (2)]
  2177 | D:3      | Slain by an orc

Illustrated notes

Levels and vault maps discovered:
D:1:      mrwooster_arrival_statue, layout_rooms,
          ebering_ecumenical_altar_petrified
D:2:      layout_loops_ring
D:3:      layout_basic

Skill      XL: |  1  2  3  4 |
---------------+-------------+-----
Axes           | 2 3 4 |  4.6
Fighting       | |  3.2
Armour         | |  3.2
Shields        | |  3.2

Action                   |  1- 3 |  4- 6 || total
-------------------------+-------+-------++-------
Melee: War axe           |   123 |    75 ||   198
Throw: Dart              |       |     1 ||     1
  Use: Scroll            |     1 |       ||     1
       Potion            |       |     1 ||     1
Armor: Scale mail        |    94 |    31 ||   125
Dodge: Dodged            |    83 |    27 ||   110
Block: Buckler           |    25 |    19 ||    44
